Map: Hecate LE

Players

Akri - Winner!

  • Race: Terran Terran
  • Spawn Location: 7:00

VOD

Have the link to the VOD?

Description

Time

  • Played on: Dec. 12, 2023, 6:04 a.m.
  • Length: 17:50
Show
View Real Time Build Order
Export as new Build Order

Akri Terran - Winner!

Build Orders: MMM Bio, Mech, Roach Aggression 

Get SALT Encoding   

  12  0:04  SCV  
  13  0:21  SCV  
  13  0:26  Supply Depot  
  14  0:38  SCV  
  15  0:56  SCV  
  16  1:00  Barracks  
  16  1:08  Refinery  
  16  1:13  SCV  
  17  1:30  SCV  
  18  1:47  SCV  
  20  2:10  Orbital Command  
  20  2:13  Reaper  
  20  2:25  Command Center  
  20  2:35  Supply Depot  
  20  2:47  SCV  
  21  2:53  Marine  
  22  3:05  Factory  
  22  3:10  SCV  
  22  3:18  Marine  
  24  3:20  Refinery  
  24  3:27  SCV  
  25  3:43  Barracks Reactor  
  25  3:44  SCV  
  26  4:01  SCV  
  27  4:11  Orbital Command  
  27  4:12  Bunker  
  27  4:14  Factory Tech Lab  
  27  4:17  SCV  
  27  4:19  Starport  
  28  4:34  SCV, Marine x2  
  31  4:45  Siege Tank  
  31  4:49  SCV  
  35  4:51  SCV  
  36  5:02  Marine x2  
  36  5:03  Refinery  
  36  5:06  SCV  
  36  5:08  SCV  
  40  5:16  Supply Depot  
  40  5:18  Starport Reactor  
  40  5:23  SCV  
  40  5:25  SCV  
  40  5:27  Marine  
  40  5:28  Supply Depot  
  43  5:30  Marine  
  44  5:40  SCV  
  44  5:43  SCV  
  44  5:46  Siege Tank  
  49  5:54  Supply Depot  
  49  5:57  SCV  
  50  6:00  Supply Depot, Marine, SCV  
  52  6:12  Medivac  
  52  6:14  SCV  
  52  6:15  Medivac  
  52  6:17  SCV  
  58  6:27  Supply Depot  
  58  6:30  Marine  
  58  6:31  SCV  
  58  6:32  Marine  
  58  6:34  SCV  
  62  6:40  Siege Tank  
  62  6:48  SCV  
  66  6:51  Supply Depot, SCV  
  67  7:03  Marine x2  
  67  7:05  SCV  
  67  7:08  SCV  
  67  7:09  Medivac  
  73  7:22  SCV  
  73  7:25  SCV  
  73  7:28  Siege Tank  
  78  7:31  Barracks  
  78  7:34  Barracks  
  78  7:39  SCV  
  79  7:40  Marine x2  
  79  7:42  SCV  
  82  7:52  Medivac  
  82  7:56  SCV  
  85  8:00  Refinery  
  85  8:05  Marine  
  85  8:07  Marine  
  85  8:08  Command Center  
  87  8:13  Siege Tank  
  87  8:18  Medivac  
  92  8:28  SCV x2  
  94  8:43  Supply Depot x2  
  94  8:47  Marine x2  
  94  8:48  SCV x2  
  98  8:51  Barracks Tech Lab x2  
  98  8:54  Stimpack  
  98  9:05  Siege Tank  
  98  9:07  Command Center  
  101  9:12  Marine  
  101  9:13  Medivac, Marine  
  101  9:16  Supply Depot  
  101  9:17  Supply Depot  
  101  9:18  Supply Depot  
  101  9:19  Marine x2  
  107  9:28  Unknown  
  107  9:35  Engineering Bay  
  107  9:40  SCV  
  107  9:41  SCV  
  107  9:43  Engineering Bay  
  107  9:47  Marauder  
  111  9:54  Orbital Command  
  111  9:57  SCV  
  111  9:58  SCV  
  113  10:05  Marauder  
  115  10:11  Supply Depot  
  115  10:17  Marine x2, Marauder  
  119  10:28  Orbital Command  
  119  10:29  Siege Tank  
  122  10:35  Marauder  
  124  10:45  Marine  
  124  10:46  Marine  
  124  10:47  Orbital Command, Marauder  
  128  10:59  Sensor Tower  
  128  11:01  Medivac x2  
  128  11:05  Marauder  
  128  11:08  Supply Depot  
  134  11:10  Marine  
  134  11:13  Supply Depot  
  134  11:15  Terran Infantry Weapons Level 1  
  134  11:17  Terran Infantry Armor Level 1  
  135  11:21  Marine  
  135  11:22  Marine  
  135  11:28  SCV x2  
  135  11:29  SCV  
  140  11:35  Marine  
  141  11:42  Orbital Command  
  141  11:45  Marine, SCV x3  
  141  11:46  Marine  
  141  11:47  Siege Tank, Medivac  
  151  11:59  Marine, Refinery  
  152  12:00  Marine  
  152  12:01  Refinery  
  152  12:03  SCV x3  
  156  12:10  Marine  
  156  12:15  Marine  
  158  12:20  Medivac  
  158  12:24  Marine  
  158  12:26  Marine  
  158  12:29  Medivac  
  164  12:32  Siege Tank  
  164  12:34  Siege Tank x2  
  164  12:35  Marine  
  168  12:40  Marine  
  168  12:47  Supply Depot  
  168  12:49  Marine  
  170  12:51  Marine  
  161  13:00  Marine  
  134  13:10  SCV x3  
  134  13:14  Marine x2  
  134  13:16  Medivac x2, Marine  
  134  13:17  Siege Tank  
  148  13:25  Marine  
  148  13:26  Supply Depot  
  148  13:27  SCV  
  150  13:31  Barracks  
  150  13:40  SCV  
  150  13:42  Barracks  
  150  13:43  Marauder, Marine x2  
  150  13:47  Barracks  
  154  13:53  Armory  
  154  13:55  SCV x2  
  154  13:56  SCV  
  154  13:57  SCV  
  158  14:05  Siege Tank  
  158  14:07  Medivac  
  158  14:08  Marauder  
  165  14:12  SCV  
  165  14:13  Marauder  
  168  14:30  Marine x2  
  168  14:33  Medivac  
  168  14:38  Marine  
  173  14:42  Barracks  
  173  14:43  Marauder  
  173  14:49  Medivac  
  152  14:50  Siege Tank, Barracks Reactor x2  
  152  14:52  Barracks  
  152  14:59  Unknown  
  136  15:02  SCV  
  136  15:03  SCV x3  
  140  15:13  Marine  
  140  15:14  Marine x2  
  140  15:19  SCV  
  142  15:21  Barracks Reactor  
  142  15:26  Barracks  
  142  15:28  Marine  
  142  15:38  Marine  
  142  15:39  Marine x2  
  144  15:50  Marine x4  
  144  15:53  Marine  
  144  15:54  Siege Tank, Medivac x2  
  146  16:03  Marine x2  
  146  16:04  Marine  
  147  16:14  Marine  
  147  16:15  Marine x3  
  147  16:18  Marine, Refinery  
  147  16:28  Marine x2  
  147  16:29  Marine  
  147  16:31  Marine x2  
  147  16:33  Refinery  
  147  16:38  Siege Tank, Medivac  
  147  16:39  Marine, Medivac  
  154  16:40  Marine x3  
  154  16:43  Marine  
  158  16:53  Marine x2  
  158  16:54  Marine  
  158  16:56  Marine x2  
  163  17:01  Barracks Reactor  
  163  17:04  Barracks Reactor, Marine  
  163  17:05  Marine x3  
  163  17:07  Marine  
  168  17:10  Barracks  
  168  17:12  Barracks  
  168  17:18  Marine x2  
  168  17:19  Marine  
  168  17:20  Marine  
  168  17:21  Marine  
Tags
 
Composition
MMM BioMech
Matchup
Co-op
Add a new tag
Caveats
  • Supply blocks, unpowered buildings, or Contaminate may cause inaccurate times.
  • Supply counts are checked every 10 seconds.